[Event "Titled Tuesday Blitz March 14 Early 2023"]
[White "EREBUNI91"]
[Black "Daneshvar, Bardiya"]
[BlackFideId "12576468"]
[WhiteElo "2774"]
[BlackElo "2468"]
[Result "0-1"]
[Round "08"]
[TimeControl "180+2"]
[Date "2023.03.14"]
[WhiteClock "0:00:21"]
[BlackClock "0:00:20"]

1. d4 b6 2. Nf3 Bb7 3. Bf4 g6 4. e3 Bg7 5. Nbd2 d6 6. c3 Nd7 7. h3 e5 8. Bh2 e4 9. Ng1 Ne7 10. Ne2 O-O 11. c4 Nf5 12. Nc3 Qh4 13. g3 Qe7 14. Bg2 c5 15. Ncxe4 cxd4 16. exd4 Nf6 17. O-O Bxe4 18. Re1 d5 19. cxd5 Nd6 20. f3 Nxd5 21. Nxe4 Nf5 22. Kh1 Nde3 23. Qd2 Nxg2 24. Kxg2 Nxd4 25. Bg1 Rad8 26. Bxd4 Rxd4 27. Qe2 Rfd8 28. b3 f5 29. Nf2 Qxe2 30. Rxe2 Rd2 31. Rae1 Bc3 32. f4 Bb4 33. Kf3 a5 34. Rxd2 Rxd2 35. Re2 Rd5 36. Kg2 Kf7 37. g4 Bd6 38. Kf3 Rd4 39. Ke3 Rxf4 40. Rd2 Be5 41. Rd7+ Ke6 42. Rxh7 Rb4 43. Rh6 Bf4+ 0-1


[Site "https://www.chess.com"]

[Event "Titled Tuesday Blitz March 14 Early 2023"]
[White "Tanenbaum, Zachary"]
[Black "Rustemov, Alexander"]
[WhiteFideId "2060850"]
[BlackFideId "4119002"]
[WhiteElo "2175"]
[BlackElo "2927"]
[Result "0-1"]
[Round "08"]
[TimeControl "180+2"]
[Date "2023.03.14"]
[WhiteClock "0:00:03"]
[BlackClock "0:01:00"]

1. e4 e6 2. d4 d5 3. Nc3 dxe4 4. Nxe4 Bd7 5. Nf3 Bc6 6. Bd3 Nd7 7. O-O Ngf6 8. Ned2 Be7 9. Nc4 Bd5 10. Nce5 c5 11. c4 Bxf3 12. Nxf3 cxd4 13. Nxd4 O-O 14. Be3 Bc5 15. a3 a5 16. Qe2 Qb6 17. Rfd1 Rfd8 18. Nb5 Bxe3 19. fxe3 Ne5 20. h3 h6 21. Bc2 Qc5 22. Rd4 Rxd4 23. exd4 Qxc4 24. Qxe5 Qxc2 25. Rf1 Qxb2 26. Nd6 Rd8 27. Qc5 b6 28. Qc7 Qxd4+ 29. Kh1 Qxd6 30. Qb7 Rb8 31. Qf3 b5 32. h4 b4 33. axb4 axb4 34. Rd1 Nd5 35. h5 b3 36. Rb1 b2 37. Qf2 Qe5 38. g3 Qxh5+ 39. Kg2 Qe5 40. Kg1 h5 41. Qf3 g6 42. Kg2 Rb4 43. Qf2 Qe4+ 44. Kh2 Qxb1 45. g4 Qh1+ 46. Kxh1 b1=Q+ 47. Kh2 Rb2 0-1


[Site "https://www.chess.com"]

[Event "Titled Tuesday Blitz March 14 Early 2023"]
[White "Urazayev, Arystanbek"]
[Black "Agasarov, Benik"]
[WhiteFideId "13709810"]
[BlackFideId "13314823"]
[WhiteElo "2479"]
[BlackElo "2179"]
[Result "1/2-1/2"]
[Round "08"]
[TimeControl "180+2"]
[Date "2023.03.14"]
[WhiteClock "0:00:14"]
[BlackClock "0:00:10"]

1. e4 c5 2. Nf3 d6 3. d4 cxd4 4. Nxd4 Nf6 5. Nc3 a6 6. Rg1 e5 7. Nb3 h5 8. Be3 Be6 9. h3 h4 10. Qf3 Be7 11. O-O-O Nbd7 12. Kb1 Rc8 13. Nd5 Bxd5 14. exd5 Qc7 15. c3 b5 16. Bd3 g6 17. Rge1 Nb6 18. Bxb6 Qxb6 19. Nd4 b4 20. cxb4 O-O 21. Nc6 Nxd5 22. Be4 Qxc6 23. Bxd5 Qc2+ 24. Ka1 Kg7 25. a3 Rc7 26. Bb3 Qf5 27. Qd5 Bf6 28. Re2 Rfc8 29. Ka2 Rc1 30. Qxf7+ Kh6 31. Rxc1 Rxc1 32. Bc2 Rxc2 33. Rxc2 Qxc2 34. Qxf6 Qc4+ 35. Kb1 Qd3+ 36. Kc1 Qc4+ 37. Kd2 Qd4+ 38. Kc2 Qc4+ 39. Kb1 Qd3+ 40. Kc1 Qc4+ 41. Kd1 Qd3+ 42. Kc1 1/2-1/2


[Site "https://www.chess.com"]

[Event "Titled Tuesday Blitz March 14 Early 2023"]
[White "Bews, Steven"]
[Black "Pranav, V"]
[WhiteFideId "2400529"]
[BlackFideId "25060783"]
[WhiteElo "2617"]
[BlackElo "2500"]
[Result "1-0"]
[Round "08"]
[TimeControl "180+2"]
[Date "2023.03.14"]
[WhiteClock "0:00:19"]
[BlackClock "0:00:01"]

1. e4 e5 2. Nf3 Nc6 3. Bb5 a6 4. Ba4 d6 5. c3 Bd7 6. O-O g5 7. d4 g4 8. Ne1 h5 9. f4 exd4 10. cxd4 d5 11. exd5 Nce7 12. Bb3 Nf6 13. Nc3 Bg7 14. Nd3 O-O 15. f5 Nh7 16. f6 Bxf6 17. Ne5 Ng6 18. Ne4 Bxe5 19. dxe5 Qe7 20. Qd4 Qxe5 21. Qxe5 Nxe5 22. Bf4 Rfe8 23. Nc5 Bb5 24. Rfe1 b6 25. Bxe5 bxc5 26. Bxc7 c4 27. Bc2 Nf6 28. d6 Bd7 29. Rad1 h4 30. Re7 Rac8 31. Ba5 g3 32. hxg3 Rxe7 33. dxe7 Be8 34. Rd8 Rc6 35. Bc3 Re6 36. Bxf6 1-0


[Site "https://www.chess.com"]

[Event "Titled Tuesday Blitz March 14 Early 2023"]
[White "Rakhmatullaev, Almas"]
[Black "Bortnyk, Olexandr"]
[WhiteFideId "14205793"]
[BlackFideId "14120828"]
[WhiteElo "2221"]
[BlackElo "2734"]
[Result "0-1"]
[Round "08"]
[TimeControl "180+2"]
[Date "2023.03.14"]
[WhiteClock "0:00:01"]
[BlackClock "0:00:12"]

1. e4 Nf6 2. e5 Nd5 3. d4 d6 4. Nf3 dxe5 5. Nxe5 c6 6. Bc4 Nd7 7. O-O Nxe5 8. dxe5 Bf5 9. Bb3 e6 10. Nd2 Bc5 11. c3 Nf4 12. Nc4 Qxd1 13. Rxd1 Ne2+ 14. Kf1 Nxc1 15. Raxc1 Ke7 16. Bc2 Bxc2 17. Rxc2 Rhd8 18. Rxd8 Rxd8 19. b4 Bb6 20. Nd6 Rb8 21. Rd2 Bc7 22. c4 b5 23. c5 a5 24. bxa5 Bxa5 25. Rd3 Bb4 26. Rf3 f5 27. exf6+ gxf6 28. Rh3 f5 29. Rxh7+ Kf6 30. Rc7 Bxc5 31. Rxc6 Bd4 32. f4 Ke7 33. Ra6 Bc5 34. Nxf5+ exf5 35. g3 Rd8 36. h3 Rd1+ 37. Ke2 Rg1 38. g4 Kd7 39. gxf5 Rg3 40. f6 Re3+ 41. Kd2 Rxh3 42. f5 Rf3 43. Ke2 Rxf5 44. Kd3 Bd6 45. Ke4 Rxf6 46. Kd5 Rf5+ 47. Ke4 Rh5 48. Kd4 Kc7 49. Ke4 Bc5 50. a4 bxa4 51. Kd3 Rh4 52. Kc3 Bb6 53. Kb2 Kb7 0-1


[Site "https://www.chess.com"]

[Event "Titled Tuesday Blitz March 14 Early 2023"]
[White "Vallejo Pons, Francisco"]
[Black "Atakhan, Abtin"]
[WhiteFideId "2205530"]
[BlackFideId "22502203"]
[WhiteElo "2589"]
[BlackElo "2008"]
[Result "1-0"]
[Round "08"]
[TimeControl "180+2"]
[Date "2023.03.14"]
[WhiteClock "0:00:06"]
[BlackClock "0:00:09"]

1. e4 c5 2. b3 g6 3. Bb2 Nf6 4. e5 Nd5 5. d4 cxd4 6. Qxd4 Nc7 7. Nc3 Nc6 8. Qe3 Bg7 9. f4 d6 10. O-O-O Be6 11. Nf3 O-O 12. h4 Qc8 13. h5 Bg4 14. hxg6 hxg6 15. Be2 Rd8 16. exd6 Rxd6 17. Rxd6 exd6 18. Ne4 Nd5 19. Qd2 Ncb4 20. Bc4 Qf5 21. Bxd5 Nxd5 22. Bxg7 Kxg7 23. Qd4+ f6 24. Kb2 Bxf3 25. gxf3 Nxf4 26. Nxd6 Qe5 27. Qxe5 fxe5 28. Nxb7 Ne6 29. Re1 Kf6 30. Nd6 Nd4 31. Re3 Rh8 32. c3 Nf5 33. Nxf5 Kxf5 34. b4 Kf4 35. Rd3 Rh3 36. a4 Rxf3 37. Rd7 Rf2+ 38. Kb3 e4 39. Rf7+ Kg3 40. Rxa7 e3 41. Re7 e2 42. a5 Kg2 43. a6 Kf1 44. b5 e1=Q 45. Rxe1+ Kxe1 46. a7 Rf8 47. b6 g5 48. b7 g4 49. b8=Q Rf3 50. Qe5+ Kf2 51. a8=Q g3 52. Qxf3+ Kxf3 53. Qd5+ Kf2 54. c4 Kg1 55. c5 Kh2 56. c6 Kh3 57. c7 Kh2 58. c8=Q Kg1 59. Qh3 Kf2 60. Qhg2+ Ke3 61. Qgf3# 1-0


[Site "https://www.chess.com"]

[Event "Titled Tuesday Blitz March 14 Early 2023"]
[White "Dehtiarov, Roman"]
[Black "Timofeev, Artyom"]
[WhiteFideId "14186640"]
[BlackFideId "4140419"]
[WhiteElo "2162"]
[BlackElo "2586"]
[Result "1/2-1/2"]
[Round "08"]
[TimeControl "180+2"]
[Date "2023.03.14"]
[WhiteClock "0:00:07"]
[BlackClock "0:00:02"]

1. e4 c5 2. Nc3 d6 3. f4 g6 4. Nf3 Bg7 5. Bb5+ Bd7 6. Bxd7+ Qxd7 7. O-O Nc6 8. d3 Nf6 9. Qe1 O-O-O 10. h3 Kb8 11. Be3 h6 12. Qf2 g5 13. e5 Nh5 14. fxg5 Nxe5 15. gxh6 Nxf3+ 16. Qxf3 Bxh6 17. Bxh6 Rxh6 18. Ne4 f6 19. Qg4 Rhh8 20. Qxd7 Rxd7 21. Rf3 Ng7 22. Raf1 Ne6 23. c3 d5 24. Nd2 d4 25. c4 Ng5 26. Rg3 b6 27. Rf4 Kc7 28. Ne4 Nf7 29. Rg7 Ne5 30. Rg3 Nc6 31. a3 Rh5 32. Rg7 Ne5 33. Nf2 Rh8 34. h4 Kd6 35. Kf1 Ke6 36. Ke2 Rdd8 37. g3 Rdg8 38. Rxg8 Rxg8 39. g4 b5 40. b3 bxc4 41. bxc4 Rb8 42. h5 a5 43. h6 Rh8 44. Ne4 Rxh6 45. Nxc5+ Kd6 46. Nb7+ Kc7 47. Nc5 Rh2+ 48. Rf2 Rh3 49. g5 Re3+ 50. Kd2 Nf3+ 51. Kc2 Nxg5 52. Nb3 Ne6 53. a4 Kb6 54. Rf5 Re5 55. Rf2 Re3 56. Rf5 Re5 57. Rf2 Kc6 58. Rh2 Kd6 59. Kd2 Ng5 60. Nxd4 Kc5 61. Kc3 Re3 62. Nb3+ Kb6 63. Kd4 Rg3 64. Re2 Nf3+ 65. Kc3 Ne5 66. Rd2 Nc6 67. c5+ Kc7 68. Kc4 e6 69. d4 Nb4 70. Nxa5 Nd5 71. Rb2 Rc3+ 72. Kb5 e5 73. Rh2 exd4 74. Rh7+ Kd8 75. Kc6 Ne7+ 76. Kd6 Nf5+ 77. Ke6 d3 78. Nc6+ Kc8 79. Kxf5 d2 80. Rh8+ Kc7 81. Rd8 Rxc5+ 82. Ke4 Rxc6 83. Rxd2 Ra6 84. Kf5 Kb7 85. Re2 Rxa4 86. Kxf6 Ra6+ 87. Re6 Rxe6+ 88. Kxe6 1/2-1/2


[Site "https://www.chess.com"]

[Event "Titled Tuesday Blitz March 14 Early 2023"]
[White "Rohith Krishna S"]
[Black "Cornette, Matthieu"]
[WhiteFideId "46617051"]
[BlackFideId "620084"]
[WhiteElo "2270"]
[BlackElo "2478"]
[Result "1-0"]
[Round "08"]
[TimeControl "180+2"]
[Date "2023.03.14"]
[WhiteClock "0:02:29"]
[BlackClock "0:01:00"]

1. Nf3 Nf6 2. g3 b6 3. Bg2 Bb7 4. O-O g6 5. d4 Bg7 6. c4 O-O 7. Nc3 Ne4 8. Qc2 Nxc3 9. bxc3 f5 10. a4 Be4 11. Qd2 Nc6 12. Ba3 Na5 13. c5 Nb3 14. Qa2 Bd5 15. Nd2 Nxd2 16. Bxd5+ e6 17. Bxa8 Nxf1 18. Bg2 Nxh2 19. Kxh2 f4 20. gxf4 Rxf4 21. e3 Qg5 22. exf4 1-0


[Site "https://www.chess.com"]

[Event "Titled Tuesday Blitz March 14 Early 2023"]
[White "Csonka, Balazs"]
[Black "Ozen, Bahadir"]
[WhiteFideId "742910"]
[BlackFideId "6337058"]
[WhiteElo "2404"]
[BlackElo "2503"]
[Result "1-0"]
[Round "08"]
[TimeControl "180+2"]
[Date "2023.03.14"]
[WhiteClock "0:00:11"]
[BlackClock "0:00:22"]

1. d4 Nf6 2. c4 e6 3. Nc3 Bb4 4. e3 O-O 5. Bd3 d5 6. Nf3 dxc4 7. Bxc4 c5 8. O-O cxd4 9. exd4 b6 10. Bg5 Bb7 11. Ne5 Nc6 12. Bxf6 gxf6 13. Nxc6 Bxc6 14. d5 Bxc3 15. dxc6 Bxb2 16. Qg4+ Kh8 17. Rad1 Qc7 18. Bxe6 Rg8 19. Qh3 Rg7 20. Rd7 Qxc6 21. Bd5 Qc8 22. Bxa8 Qxa8 23. Rfd1 Rg8 24. Rxf7 Qe4 25. g3 Bd4 26. Qd7 Bc5 27. Qd3 f5 28. Qxe4 fxe4 29. Rdd7 Re8 30. Rxh7+ Kg8 31. Rdg7+ Kf8 32. Rh8+ Kxg7 33. Rxe8 e3 34. fxe3 b5 35. Kf2 Kf6 36. Kf3 b4 37. g4 a5 38. Rb8 a4 39. Rb5 Be7 40. h4 b3 41. axb3 a3 42. Ra5 Ke6 43. g5 Bb4 44. Ra4 Bf8 45. g6 Kf6 46. Ra6+ Kg7 47. Kg4 Kh6 48. h5 Bd6 49. Ra7 a2 50. Rh7# 1-0


[Site "https://www.chess.com"]

[Event "Titled Tuesday Blitz March 14 Early 2023"]
[White "Vakhlamov, Igor L."]
[Black "Liyanage, Ranindu Dilshan"]
[WhiteFideId "24126748"]
[BlackFideId "9915834"]
[WhiteElo "2400"]
[BlackElo "2199"]
[Result "1/2-1/2"]
[Round "08"]
[TimeControl "180+2"]
[Date "2023.03.14"]
[WhiteClock "0:00:05"]
[BlackClock "0:00:08"]

1. e4 g6 2. d4 Bg7 3. Nf3 d6 4. Bc4 e6 5. O-O a6 6. a4 h6 7. Re1 b6 8. Nbd2 Bb7 9. c3 Nd7 10. Nf1 Ne7 11. Ng3 O-O 12. h4 d5 13. Bb3 dxe4 14. Nxe4 Nf5 15. Bf4 Nxh4 16. Nxh4 Qxh4 17. Bxc7 Bxe4 18. Bg3 Qd8 19. Rxe4 Nf6 20. Re1 Nd5 21. Qf3 Re8 22. Be5 Bxe5 23. Rxe5 Ne7 24. Rae1 Nf5 25. Bc2 Rc8 26. Bxf5 gxf5 27. d5 Rc5 28. Qxf5 Rxd5 29. Rxd5 exf5 30. Rxd8 Rxd8 31. Re2 Rd1+ 32. Kh2 Ra1 33. Re8+ Kg7 34. Rb8 Rxa4 35. Rxb6 f6 36. Kg3 Kg6 37. Kf3 h5 38. g3 Kg5 39. Rb8 f4 40. Rg8+ Kf5 41. Rh8 fxg3 42. fxg3 Kg5 43. Rg8+ Kf5 44. Rc8 Kg5 45. Rc5+ Kg6 46. b4 Ra3 47. Kf4 Ra1 48. Ra5 Rc1 49. Ra3 Rf1+ 50. Ke3 Rg1 51. Kf2 Rc1 52. Kf3 Kg5 53. Ra5+ f5 54. Ra3 Rc2 55. Rb3 Rc1 56. Ra3 Rc2 57. Rxa6 Rxc3+ 58. Kf2 Rb3 59. Rb6 f4 60. gxf4+ Kxf4 61. Rb8 Rb2+ 62. Kg1 Kg3 63. Rg8+ Kh3 64. Rb8 Kg3 65. Rg8+ Kh3 66. Rb8 Kg3 1/2-1/2


[Site "https://www.chess.com"]

[Event "Titled Tuesday Blitz March 14 Early 2023"]
[White "Papasimakopoulos, Alexandros"]
[Black "Zahid, Sanatan"]
[WhiteFideId "4244125"]
[BlackFideId "10201963"]
[WhiteElo "2359"]
[BlackElo "1865"]
[Result "1-0"]
[Round "08"]
[TimeControl "180+2"]
[Date "2023.03.14"]
[WhiteClock "0:00:06"]
[BlackClock "0:00:14"]

1. d4 e6 2. c4 b6 3. e4 Bb4+ 4. Bd2 Bxd2+ 5. Qxd2 d5 6. cxd5 exd5 7. e5 Ne7 8. Nc3 O-O 9. f4 c5 10. Nf3 Nbc6 11. Bb5 c4 12. Ba4 a6 13. Bc2 Bf5 14. O-O Bxc2 15. Qxc2 Nb4 16. Qd2 Nd3 17. Ne1 Nxe1 18. Raxe1 g6 19. g4 f5 20. exf6 Rxf6 21. Qe3 Nc6 22. g5 Rf7 23. f5 gxf5 24. h4 Qd6 25. Qf4 Rd8 26. Re8+ Kg7 27. Rxd8 Qxd8 28. h5 Qd7 29. Rf2 Kg8 30. g6 Rg7 31. Qg5 hxg6 32. h6 Qe7 33. Qg2 Rf7 34. Qxg6+ Kh8 35. Nxd5 Qe8 36. Nf6 Qf8 37. Nh5 Qg8 38. Qxg8+ Kxg8 39. d5 Nd4 40. Rg2+ Kh8 41. d6 Rd7 42. Nf6 Rd8 43. h7 Nf3+ 44. Kf2 Ng5 45. Rxg5 c3 46. Rg8+ 1-0


[Site "https://www.chess.com"]

[Event "Titled Tuesday Blitz March 14 Early 2023"]
[White "Pakleza, Zbigniew"]
[Black "Reprintsev, Alexander"]
[WhiteFideId "1119290"]
[BlackFideId "14100541"]
[WhiteElo "2410"]
[BlackElo "2229"]
[Result "1-0"]
[Round "08"]
[TimeControl "180+2"]
[Date "2023.03.14"]
[WhiteClock "0:00:08"]
[BlackClock "0:00:02"]

1. d4 d5 2. Bf4 Nf6 3. e3 c5 4. c3 Qb6 5. Qb3 c4 6. Qc2 g6 7. Nd2 Bf5 8. Qc1 Bg7 9. Ngf3 O-O 10. Be2 Nc6 11. h3 Rae8 12. O-O Nd7 13. Re1 e5 14. Bh2 Be6 15. b3 cxb3 16. Nxb3 h6 17. Rb1 Qd8 18. Qa3 Qe7 19. Qxe7 Rxe7 20. Rec1 Rc8 21. a4 b6 22. Ba6 Rd8 23. Ra1 Ndb8 24. Bf1 a5 25. Nxe5 Nxe5 26. Bxe5 Bxe5 27. dxe5 Bd7 28. f4 Rc8 29. Nd4 f6 30. Nf3 Kf7 31. Kf2 g5 32. g3 Nc6 33. exf6 Kxf6 34. Rab1 Rb8 35. Rd1 Be6 36. Bb5 Na7 37. h4 Nxb5 38. Rxb5 gxh4 39. gxh4 Rc7 40. Rdb1 Rxc3 41. Rxb6 Rxb6 42. Rxb6 Ke7 43. Nd4 Bd7 44. Rxh6 Bxa4 45. Ra6 Rc5 46. h5 Kf7 47. h6 Kg8 48. Ra7 Kh8 49. Ne6 Rc6 50. Ng5 Rc8 51. Nf7+ 1-0


[Site "https://www.chess.com"]

[Event "Titled Tuesday Blitz March 14 Early 2023"]
[White "Ibarra Jerez, Jose Carlos"]
[Black "Sokac, Marko"]
[WhiteFideId "2226332"]
[BlackFideId "14531356"]
[WhiteElo "2638"]
[BlackElo "2355"]
[Result "1-0"]
[Round "08"]
[TimeControl "180+2"]
[Date "2023.03.14"]
[WhiteClock "0:00:07"]
[BlackClock "0:00:03"]

1. e4 d6 2. Qh5 Nf6 3. Qf3 Bg4 4. Qg3 c6 5. Nc3 e6 6. d4 Bh5 7. f3 Bg6 8. Qf2 d5 9. e5 Nfd7 10. h4 h5 11. Nh3 c5 12. Nf4 Bf5 13. Nb5 cxd4 14. Nxd4 Bc5 15. Be3 Bxd4 16. Bxd4 Nc6 17. Bd3 g6 18. O-O-O Qa5 19. Kb1 Nb4 20. a3 Nxd3 21. cxd3 Qa4 22. Rhg1 Rc8 23. Rc1 Rxc1+ 24. Rxc1 O-O 25. Qe3 f6 26. Rc7 fxe5 27. Bxe5 d4 28. Bxd4 Qb5 29. Bc3 e5 30. Rxd7 Bxd7 31. Nxg6 Re8 32. Nxe5 1-0


[Site "https://www.chess.com"]

[Event "Titled Tuesday Blitz March 14 Early 2023"]
[White "Demin, Vladimir"]
[Black "Salinas Herrera, Pablo"]
[WhiteFideId "4167457"]
[BlackFideId "3407128"]
[WhiteElo "2618"]
[BlackElo "2550"]
[Result "1/2-1/2"]
[Round "08"]
[TimeControl "180+2"]
[Date "2023.03.14"]
[WhiteClock "0:00:05"]
[BlackClock "0:00:15"]

1. e4 c5 2. Nf3 d6 3. d4 cxd4 4. Qxd4 a6 5. Be3 Nc6 6. Qd2 g6 7. Nc3 Bg7 8. O-O-O Qa5 9. Nd4 Be6 10. Kb1 Nxd4 11. Bxd4 Nf6 12. f3 Rc8 13. Nd5 Qxd2 14. Nxf6+ Bxf6 15. Rxd2 Bxd4 16. Rxd4 f6 17. h4 Kf7 18. Be2 Rc5 19. Rhd1 h5 20. Rb4 Rc7 21. a4 Rhc8 22. Rd2 Rg8 23. f4 Rh8 24. a5 Kg7 25. b3 Rhc8 26. Kb2 Rf8 27. Bf3 Bc8 28. Rb6 Kf7 29. Rd3 Rh8 30. Rc3 Rd7 31. Rb4 Rg8 32. Be2 Rf8 33. Bc4+ e6 34. Rb6 Ke7 35. f5 gxf5 36. exf5 exf5 37. Re3+ Kd8 38. Rd3 Kc7 39. Bd5 Re7 40. Bf3 Rd8 41. Bxh5 f4 42. Bf3 Re5 43. Rd4 Rxa5 44. Rbb4 f5 45. Rxf4 Re5 46. Rbd4 Be6 47. h5 Rg8 48. Rh4 Rh8 49. Rd1 Bd7 50. Rhd4 Re6 51. Rc4+ Bc6 52. Rdd4 Rf6 53. Rh4 Kb6 54. Rb4+ Kc7 55. Rbc4 a5 56. Bxc6 bxc6 57. Rc3 Kb6 58. Rf3 d5 59. Kc3 Rhh6 60. Kb2 Kc5 61. Kc3 Kb5 62. Kb2 c5 63. Rf1 f4 64. Rf3 Rf5 65. Rhxf4 Rfxh5 66. Rf8 Rg5 67. Rb8+ Kc6 68. g3 Rhg6 69. Ra8 Rxg3 70. Rxg3 Rxg3 71. Rxa5 d4 72. Ra8 Rg2 73. Rd8 Kb5 74. Rd6 Ka5 75. Rd8 Kb6 76. Rd7 Kc6 77. Rd8 Kc7 78. Rd5 Kc6 79. Rd8 1/2-1/2


[Site "https://www.chess.com"]

[Event "Titled Tuesday Blitz March 14 Early 2023"]
[White "Yuan, Qingyu"]
[Black "polandchessplayer"]
[WhiteFideId "8609772"]
[WhiteElo "2359"]
[BlackElo "2601"]
[Result "1-0"]
[Round "08"]
[TimeControl "180+2"]
[Date "2023.03.14"]
[WhiteClock "0:00:29"]
[BlackClock "0:00:28"]

1. e4 c6 2. d4 d5 3. exd5 cxd5 4. Bd3 Nc6 5. c3 Nf6 6. h3 g6 7. Nf3 Bf5 8. O-O Bg7 9. Re1 O-O 10. Bf1 Ne4 11. Nbd2 h6 12. Nxe4 Bxe4 13. Nd2 Bf5 14. Nb3 Rc8 15. Bf4 Re8 16. Nc5 b6 17. Nb3 Qd7 18. Ba6 Rcd8 19. Bb5 Qb7 20. Qe2 Bd7 21. Ba6 Qa8 22. Bc7 e5 23. Bxd8 Qxd8 24. dxe5 Nxe5 25. Qd2 Bxh3 26. f4 Nc4 27. Bxc4 dxc4 28. Qxd8 Rxd8 29. gxh3 cxb3 30. axb3 a5 31. Rad1 Rc8 32. Rd6 Bf8 33. Rd5 Kg7 34. Kg2 Rc6 35. Re8 Bc5 36. Kf3 h5 37. Ke4 Kf6 38. Rdd8 Be7 39. Rd7 Bc5 40. Kd5 Re6 41. Rxf7+ Kxf7 42. Rxe6 h4 43. Rc6 Be3 44. Ke4 Bf2 45. Kf3 Bg1 46. Kg4 Bf2 47. Kg5 Be3 48. Rf6+ Ke7 49. Rxg6 Bc1 50. Rxb6 Bxb2 51. c4 Bd4 52. Rb5 Bc3 53. Kxh4 Kd6 54. Kg4 Kc6 55. h4 Be1 56. h5 Kd6 57. Kf5 Ke7 58. Kg6 Kf8 59. f5 Ke7 60. f6+ Ke6 61. h6 Kd7 62. h7 Kc6 1-0


[Site "https://www.chess.com"]

[Event "Titled Tuesday Blitz March 14 Early 2023"]
[White "Manukyan, Sargis A."]
[Black "Real_OceanStorm"]
[WhiteFideId "13303970"]
[WhiteElo "2187"]
[BlackElo "2805"]
[Result "0-1"]
[Round "08"]
[TimeControl "180+2"]
[Date "2023.03.14"]
[WhiteClock "0:00:12"]
[BlackClock "0:00:08"]

1. d4 Nf6 2. c4 c6 3. Nc3 d5 4. e3 g6 5. Nf3 Bg7 6. Be2 O-O 7. cxd5 cxd5 8. O-O Nc6 9. Bd2 Ne4 10. Rc1 Bf5 11. Na4 e5 12. dxe5 Rc8 13. Bc3 Nxc3 14. Nxc3 Nxe5 15. Nxe5 Bxe5 16. Qxd5 Qe7 17. Bf3 Rfd8 18. Qxb7 Rc7 19. Qb3 Be6 20. Nd5 Qg5 21. Rxc7 Bxc7 22. e4 Be5 23. g3 Rb8 24. Qa3 Rxb2 25. Qxa7 Kg7 26. Bg2 Qd2 27. Qe3 Rxa2 28. Qxd2 Rxd2 29. Nf4 Bd7 30. Re1 Bd4 31. Ne2 Bc5 32. Bf1 Rb2 33. Kg2 Ba4 34. Rc1 Bb6 35. f4 Bb5 36. Kf3 f6 37. Rc3 Rb1 38. Bh3 Rb2 39. Bf1 f5 40. exf5 gxf5 41. h3 Rb1 42. Bg2 Ba6 43. g4 Rb2 44. Bf1 Bb7+ 45. Kg3 Be4 46. gxf5 Bxf5 47. Rc6 Rb3+ 48. Rc3 Rb2 49. Rc6 Bd3 50. Re6 Kf7 51. Re5 Ba6 52. Kg2 Bd4 53. Rf5+ Ke6 54. Rf8 Ke7 55. Rb8 Rxb8 56. Nxd4 Rb2+ 57. Kg1 Rb1 58. Nf5+ Kf6 59. Ne3 Bxf1 60. Nxf1 Rb4 61. Kg2 Kf5 62. Ne3+ Ke4 63. Ng4 Rb6 64. Kg3 Rb3+ 65. Kh4 Kf5 66. Nh6+ Kxf4 67. Nf7 Ra3 68. Ng5 Ra7 69. Ne6+ Kf5 70. Nd4+ Kf6 71. Nf3 Ra4+ 72. Kg3 h5 73. Nh4 Ra3+ 74. Kg2 Kg5 75. Nf3+ Kf4 76. Nd4 Ra2+ 77. Kg1 Kg3 78. Nf5+ Kxh3 79. Kf1 h4 80. Kg1 Kg4 81. Ne3+ Kf4 82. Nd5+ Kg3 83. Ne3 Ra1+ 84. Nf1+ Kf3 85. Kh1 Rxf1+ 86. Kh2 Ra1 0-1


[Site "https://www.chess.com"]

[Event "Titled Tuesday Blitz March 14 Early 2023"]
[White "Vlassov, Nikolai"]
[Black "Molina, Roberto Junio Brito"]
[WhiteFideId "4103360"]
[BlackFideId "2109450"]
[WhiteElo "2324"]
[BlackElo "2376"]
[Result "0-1"]
[Round "08"]
[TimeControl "180+2"]
[Date "2023.03.14"]
[WhiteClock "0:00:25"]
[BlackClock "0:00:27"]

1. e4 c6 2. d4 d5 3. e5 Bf5 4. Nc3 e6 5. g4 Bg6 6. Nge2 f6 7. Nf4 fxe5 8. dxe5 Bf7 9. Qe2 Bb4 10. Bd2 Ne7 11. O-O-O Nd7 12. Kb1 Ba5 13. Bh3 g5 14. Nd3 h6 15. f4 Qc7 16. Rhe1 O-O-O 17. Na4 Bxd2 18. Qxd2 c5 19. Qe3 d4 20. Qf3 Nd5 21. c4 Ne3 22. Rc1 gxf4 23. Qxf4 Bg6 24. Rxe3 Rdf8 25. Qg3 dxe3 26. Qxe3 Nxe5 27. Nxc5 Nxd3 28. Qxe6+ Kb8 29. Nd7+ Qxd7 30. Qxg6 0-1


[Site "https://www.chess.com"]

[Event "Titled Tuesday Blitz March 14 Early 2023"]
[White "Costachi, Mihnea"]
[Black "Nurmanova, Alua"]
[WhiteFideId "1217518"]
[BlackFideId "13729390"]
[WhiteElo "2456"]
[BlackElo "2253"]
[Result "0-1"]
[Round "08"]
[TimeControl "180+2"]
[Date "2023.03.14"]
[WhiteClock "0:00:18"]
[BlackClock "0:00:35"]

1. Nc3 d5 2. d4 Nf6 3. Bf4 g6 4. h4 h5 5. Nf3 Bg7 6. e3 O-O 7. Be2 c5 8. Ne5 Nc6 9. Qd2 Bf5 10. O-O-O Nb4 11. a3 Nxc2 12. g4 Na1 13. gxf5 Nb3+ 14. Kb1 Nxd2+ 15. Rxd2 cxd4 16. Rxd4 gxf5 17. Rg1 Kh7 18. Nf3 e6 19. Be5 Qe7 20. Ng5+ Kh8 21. Nb5 Ne8 22. Bxg7+ Nxg7 23. Nh3 a6 24. Nc3 Rad8 25. Rg5 Qc5 26. Rd1 d4 27. exd4 Rxd4 28. Rdg1 Rxh4 29. Bxh5 Rxh5 30. Rxg7 Rxh3 31. R7g2 b5 32. Ne2 Rh4 33. Nf4 Qe5 34. Nd3 Qe4 35. Rg3 Rd8 36. Ka1 Rxd3 37. Rg8+ Kh7 38. R1g7+ Kh6 39. Rg1 f4 40. f3 Qh7 41. R8g5 Rd1+ 42. Rxd1 Kxg5 43. Ka2 Kf6 44. Rd6 Qc2 45. Rxa6 Rh2 46. a4 Qxb2# 0-1


[Site "https://www.chess.com"]

[Event "Titled Tuesday Blitz March 14 Early 2023"]
[White "Smirnov, Pavel"]
[Black "Garv Gaur"]
[WhiteFideId "4123425"]
[BlackFideId "45030839"]
[WhiteElo "2519"]
[BlackElo "2068"]
[Result "1-0"]
[Round "08"]
[TimeControl "180+2"]
[Date "2023.03.14"]
[WhiteClock "0:01:09"]
[BlackClock "0:00:10"]

1. d4 Nf6 2. c4 e6 3. g3 d5 4. Nf3 Bb4+ 5. Bd2 Be7 6. Bg2 O-O 7. O-O c6 8. Qc2 Nbd7 9. Bf4 b6 10. Nbd2 Nh5 11. e3 Ba6 12. Rfc1 c5 13. cxd5 Nxf4 14. gxf4 exd5 15. Ne5 Nxe5 16. dxe5 Bb7 17. Rd1 Qc7 18. Nb1 Rad8 19. Nc3 d4 20. Bxb7 Qxb7 21. Qe4 Qxe4 22. Nxe4 f5 23. exf6 Bxf6 24. Kg2 Kf7 25. Nxf6 Kxf6 26. Kf3 dxe3 27. fxe3 Ke6 28. e4 g6 29. Ke3 Rfe8 30. h4 Kf6 31. Kf3 c4 32. a4 a6 33. Ke3 Kf7 34. e5 Ke6 35. Ke4 Rf8 36. Rac1 b5 37. axb5 axb5 38. Ra1 Rxd1 39. Rxd1 Rb8 40. Rd6+ Ke7 41. Rc6 Kd7 42. Rd6+ Ke7 43. Rc6 Kd7 44. Kd5 Rf8 45. e6+ Kd8 46. Kd6 Rf6 47. Rb6 Kc8 48. Rxb5 Rxf4 49. Rc5+ Kb7 50. e7 Rd4+ 51. Rd5 Re4 52. Re5 Rxe5 53. Kxe5 Kc7 54. e8=Q c3 55. Qf7+ 1-0


[Site "https://www.chess.com"]

[Event "Titled Tuesday Blitz March 14 Early 2023"]
[White "Postny, Evgeny"]
[Black "Rosen, Eric"]
[WhiteFideId "2804344"]
[BlackFideId "2032562"]
[WhiteElo "2509"]
[BlackElo "2331"]
[Result "0-1"]
[Round "08"]
[TimeControl "180+2"]
[Date "2023.03.14"]
[WhiteClock "0:00:02"]
[BlackClock "0:00:06"]

1. Nf3 d5 2. c4 e6 3. g3 Nf6 4. Bg2 h6 5. O-O Bd6 6. d4 O-O 7. b3 b6 8. cxd5 exd5 9. Ba3 Bb7 10. Bxd6 cxd6 11. Nc3 Nbd7 12. Rc1 a6 13. Ne1 b5 14. Nd3 Re8 15. Nf4 Nb6 16. a4 b4 17. a5 bxc3 18. axb6 Rc8 19. Qd3 Qxb6 20. Rxc3 Rxc3 21. Qxc3 g5 22. Nd3 Rxe2 23. Nc1 Ne4 24. Qf3 Rc2 25. Qf5 Qxd4 26. h4 Bc8 27. Qf3 Rc3 28. Qe2 Rxg3 29. Kh2 Rg4 30. hxg5 Rh4+ 31. Kg1 hxg5 32. Qc2 Bf5 33. Ne2 Qe5 34. Rc1 Nxf2 35. Qd2 Ne4 36. Qd4 Qh2+ 37. Kf1 Rg4 38. Qg1 Nd2+ 39. Ke1 Qxg1+ 40. Nxg1 Rxg2 41. Ne2 Nxb3 42. Rb1 Nc5 43. Rb6 a5 44. Nd4 Nd3+ 45. Kf1 Rf2+ 46. Kg1 Be4 47. Rxd6 Rg2+ 48. Kf1 Rh2 49. Rd7 a4 50. Nc6 a3 51. Ra7 a2 52. Ne7+ Kh7 53. Kg1 Rh1# 0-1


[Site "https://www.chess.com"]